 Dungeon Crawl Stone Soup version 0.21-a0-228-g14ccbf3 (webtiles) character file.

7556 schwasted the Fighter (level 10, -21/103 HPs)
             Began as a Minotaur Fighter on Sept 1, 2017.
             Was a Priest of Okawaru.
             Demolished by an orc knight
             ... wielding a +3 halberd
              (38 damage)
             ... in a bailey.
             The game lasted 00:33:42 (10026 turns).

schwasted the Fighter (Minotaur Fighter)           Turns: 10026, Time: 00:33:44

Health: -21/103    AC: 19    Str: 24    XL:     10   Next: 96%
Magic:  9/10       EV: 12    Int:  8    God:    Okawaru [***...]
Gold:   471        SH: 12    Dex: 15    Spells: 9/9 levels left

rFire    . . .     SeeInvis .   a - +0 war axe
rCold    . . .     Gourm    .   c - +0 shield
rNeg     . . .     Faith    .   A - +7 leather armour "Fig Zuim" {Str+4}
rPois    .         Spirit   .   (helmet restricted)
rElec    .         Reflect  .   v - +1 cloak {+Inv}
rCorr    .         Harm     .   q - +0 pair of gloves
MR       .....                  (no boots)
Stlth    ++........             I - amulet of regeneration
HPRegen  0.67/turn              J - ring of flight
MPRegen  0.12/turn              r - +2 ring of evasion

@: hasted, drained, very quick
A: retaliatory headbutt, horns 2, molten scales 1, rugged brown scales 1, thin
skeletal structure 1, agile 1, high mp 1, shaggy fur 1, evolution 1
a: Heroism, Renounce Religion, Evoke Invisibility, Evoke Flight


You were in a bailey.
You worshipped Okawaru.
Okawaru was most pleased with you.
You were not hungry.

You visited 2 branches of the dungeon, and saw 11 of its levels.
You also visited: Ossuary and Bailey.

You collected 840 gold pieces.
You spent 369 gold pieces at shops.

Inventory:

Hand Weapons
 a - a +0 war axe (weapon)
 s - a +1 war axe
Missiles
 D - 2 tomahawks
 P - 3 poisoned tomahawks (quivered)
Armour
 b - a +0 scale mail
 c - a +0 shield (worn)
 q - a +0 pair of gloves (worn)
 v - a +1 cloak of invisibility (worn)
 A - the +7 leather armour "Fig Zuim" (worn) {Str+4}
   (You found it on level 10 of the Dungeon)

   It affects your strength (+4).
Jewellery
 r - a +2 ring of evasion (right hand)
 I - an amulet of regeneration (around neck)
 J - a ring of flight (left hand)
Wands
 d - a wand of polymorph (12/24)
 h - a wand of flame (16/48)
 u - a wand of digging (9/24)
 z - a wand of acid (8/15)
Scrolls
 e - 7 scrolls of remove curse
 g - 3 scrolls of enchant weapon
 j - 5 scrolls of enchant armour
 n - 2 scrolls of magic mapping
 t - 4 scrolls of immolation
 w - 6 scrolls of teleportation
 L - a scroll of acquirement {unknown}
 M - a scroll of amnesia
Potions
 i - 3 potions of lignification
 k - a potion of degeneration {unknown}
 l - 3 potions of cancellation
 m - 2 potions of brilliance
 o - 2 potions of ambrosia {unknown}
 x - a potion of flight
 B - 4 potions of invisibility
 C - 5 potions of berserk rage {unknown}
 H - 9 potions of curing
 K - a potion of magic {unknown}
Books
 y - a book of Air

   Spells                             Type                      Level
   a - Shock                          Conjuration/Air              1
   b - Swiftness                      Charms/Air                   2
   c - Static Discharge               Conjuration/Air              3
   d - Airstrike                      Air                          4
   e - Lightning Bolt                 Conjuration/Air              5
 O - Sif Muna's Tome of Lightness
   (You found it on level 9 of the Dungeon)

   Spells                             Type                      Level
   a - Shock                          Conjuration/Air              1
Comestibles
 f - 6 bread rations
 p - 3 meat rations
 E - 21 fruits
 N - a royal jelly


   Skills:
 * Level 12.9(12.8) Fighting
 + Level 9.3(9.2) Axes
 + Level 9.7(9.6) Armour
 + Level 9.9 Shields


You had 9 spell levels left.
You didn't know any spells.

Dungeon Overview and Level Annotations

Branches:
Dungeon (10/15)            Temple (1/1) D:5             Orc (0/2) D:9
   Lair: D:8-11

Altars:
Ashenzari
Cheibriados
Dithmenos
Elyvilon
Fedhas
Gozag
Hepliaklqana
Kikubaaqudgha
Makhleb
Nemelex Xobeh
Okawaru
Qazlal
Ru
Sif Muna
Trog
Uskayaw
Vehumet
Xom
Yredelemnul
Zin
The Shining One

Shops:
D:4 =(:   D:5 !   D:6 !


Innate Abilities, Weirdness & Mutations

You reflexively headbutt those who attack you in melee.
You have a pair of horns on your head.
You are partially covered in molten scales. (AC +2)
You are partially covered in rugged brown scales. (AC +1, +3% HP)
You have a somewhat thin skeletal structure. (Dex +2, Stealth)
You are agile. (Dex +2)
You have an increased reservoir of magic. (+10% MP)
You are covered in fur. (AC +1)
You evolve.


Message History

The orc knight is lightly wounded.
You block the orc warrior's attack.
The orc knight hits you with an enchanted halberd!
You hit the orc knight but do no damage.
You headbutt the orc knight, but do no damage.
The orc knight is lightly wounded.
The orc knight hits you from afar with an enchanted halberd.
You block the orc warrior's attack. x2
You barely miss the orc knight.
The orc knight is lightly wounded.
The orc knight barely misses you. You furiously retaliate!
You headbutt the orc knight! You miss the orc knight.
The orc knight is moderately wounded.
You block the orc warrior's attack.
The orc knight hits you from afar with an enchanted halberd!
The orc warrior hits you from afar with a glaive!
* * * LOW HITPOINT WARNING * * *
The orc knight hits you with an enchanted halberd!!!
You die...

##.....##
#.......#
#.......#
#...)...#
#.))))..#
#.)oo)..#
##)ooo.##
###o###
#.@.#
#...#
#...#
#...#
###'###
##.....##
#.......#
#.......#
#.)))...#


You could see 2 orc knights, 3 orc warriors and an orc.

Vanquished Creatures
  A hornet (D:7)
  9 yaks
  A hungry ghost (D:7)
  A steam dragon (D:7)
  The ghost of dragonmech the Chiller, an amateur DrIE of Yredelemnul (D:5)
  Menkaure (D:4)
  The ghost of weedlayer the Insei, an amateur OpTm (D:3)
  An acid dragon (D:8)
  2 water moccasins
  3 ice beasts
  3 orc warriors
  A hornet zombie (D:6)
  3 black bears
  4 phantoms
  A necrophage (D:9)
  3 ogres
  3 big kobolds
  6 bullfrogs
  A water moccasin skeleton (D:6)
  13 scorpions
  7 wights (D:10)
  2 howler monkeys (D:8)
  3 crimson imps
  6 centaur zombies
  5 hounds
  2 human zombies (Ossuary)
  2 jellies
  2 orc priests
  A bullfrog skeleton (D:8)
  A centaur skeleton (D:9)
  2 iguanas
  Crazy Yiuf (D:2)
  6 worker ants
  Ijyb (D:4)
  6 orc wizards
  A killer bee zombie (D:7)
  2 big kobold zombies (Ossuary)
  A hound zombie (D:7)
  3 mummies (Ossuary)
  2 hound skeletons
  A howler monkey skeleton (D:10)
  Robin (D:2)
  11 adders
  12 gnolls
  2 scorpion zombies (Ossuary)
  2 shadow imps
  2 adder skeletons
  2 worms (D:2)
  2 dart slugs
  6 leopard geckos
  60 orcs
  8 giant cockroaches
  A gnoll zombie (Ossuary)
  33 goblins
  37 hobgoblins
  23 jackals
  8 quokkas
  3 ball pythons
  11 bats
  6 frilled lizards
  A goblin zombie (Ossuary)
  2 hobgoblin zombies (Ossuary)
  22 kobolds
  2 kobold zombies (Ossuary)
  4 orc zombies (Ossuary)
  A quokka skeleton (D:6)
  10 rats
388 creatures vanquished.

Vanquished Creatures (others)
  An orc wizard (D:7)
1 creature vanquished.

Grand Total: 389 creatures vanquished

Notes
Turn   | Place    | Note
-------+----------+-------------------------------------------
     0 | D:1      | schwasted the Minotaur Fighter began the quest for the Orb.
     0 | D:1      | Reached XP level 1. HP: 19/19 MP: 0/0
    50 | D:1      | Reached skill level 4 in Fighting
    62 | D:1      | Reached XP level 2. HP: 20/27 MP: 1/1
   755 | D:2      | Found a white marble altar of Elyvilon.
   884 | D:2      | Reached XP level 3. HP: 34/34 MP: 2/2
   909 | D:2      | Reached skill level 5 in Fighting
  1217 | D:2      | Noticed Robin
  1248 | D:2      | Killed Robin
  1248 | D:2      | Reached XP level 4. HP: 37/42 MP: 3/3
  1330 | D:2      | Found a bloodstained altar of Trog.
  1613 | D:2      | Found a runed door.
  1618 | D:2      | Noticed Crazy Yiuf
  1625 | D:2      | Killed Crazy Yiuf
  1965 | D:3      | Noticed weedlayer's ghost (amateur OpTm)
  1972 | D:3      | Killed weedlayer's ghost
  1972 | D:3      | Reached XP level 5. HP: 48/50 MP: 4/4
  1994 | D:3      | Reached skill level 6 in Fighting
  2018 | D:3      | Reached XP level 6. HP: 42/57 MP: 5/5
  2082 | D:3      | Gained mutation: You expend magic power (3 MP) to strengthen your wands. [potion of mutation]
  2082 | D:3      | Gained mutation: You are resistant to hostile enchantments. (MR+) [potion of mutation]
  2082 | D:3      | Gained mutation: Your magical capacity is low. (-10% MP) [potion of mutation]
  2082 | D:3      | Gained mutation: You are partially covered in rugged brown scales. (AC +1, +3% HP) [potion of mutation]
  2386 | D:3      | Lost mutation: Your magical capacity is low. (-10% MP) [potion of mutation]
  2386 | D:3      | Lost mutation: You are resistant to hostile enchantments. (MR+) [potion of mutation]
  2386 | D:3      | Gained mutation: You have a pair of large horns on your head. [potion of mutation]
  2386 | D:3      | Gained mutation: You are frail. (-10% HP) [potion of mutation]
  2386 | D:3      | Gained mutation: You are covered in fur. (AC +1) [potion of mutation]
  2386 | D:3      | Gained mutation: You are partially covered in iridescent scales. (AC +2) [potion of mutation]
  2682 | D:3      | Reached skill level 5 in Shields
  3111 | D:3      | Found a glowing silver altar of Zin.
  3111 | D:3      | Found an ancient bone altar of Kikubaaqudgha.
  3421 | D:4      | Found a sand-covered staircase.
  3429 | Ossuary  | Entered an ossuary
  3448 | Ossuary  | Reached skill level 5 in Armour
  3448 | Ossuary  | Reached XP level 7. HP: 48/59 MP: 6/6
  3528 | Ossuary  | Reached skill level 7 in Fighting
  3628 | Ossuary  | Reached skill level 5 in Axes
  3874 | Ossuary  | Reached skill level 8 in Fighting
  3874 | Ossuary  | Reached XP level 8. HP: 20/68 MP: 7/7
  4198 | Ossuary  | Lost mutation: You have a pair of large horns on your head. [potion of mutation]
  4198 | Ossuary  | Lost mutation: You are frail. (-10% HP) [potion of mutation]
  4198 | Ossuary  | Lost mutation: You expend magic power (3 MP) to strengthen your wands. [potion of mutation]
  4198 | Ossuary  | Lost mutation: You are partially covered in iridescent scales. (AC +2) [potion of mutation]
  4198 | Ossuary  | Gained mutation: You evolve. [potion of mutation]
  4198 | Ossuary  | Gained mutation: You are partially covered in molten scales. (AC +2) [potion of mutation]
  4198 | Ossuary  | Gained mutation: You are agile. (Dex +2) [potion of mutation]
  4311 | D:4      | Found Vieprox's Jewellery Shop.
  4359 | D:4      | Noticed Menkaure
  4375 | D:4      | Killed Menkaure
  4375 | D:4      | Reached skill level 9 in Fighting
  4584 | D:4      | Noticed Ijyb
  4591 | D:4      | Killed Ijyb
  4596 | D:4      | Gained mutation: You have a somewhat thin skeletal structure. (Dex +2, Stealth) [evolution]
  4642 | D:4      | Found Zunifuba's Book Shoppe.
  4721 | D:4      | Found Lougror's Weapon Shoppe.
  4942 | D:4      | Found an opulent altar of Gozag.
  5141 | D:5      | Entered Level 5 of the Dungeon
  5141 | D:5      | Found Medenlie's Distillery.
  5147 | D:5      | Bought a potion of heal wounds for 70 gold pieces
  5147 | D:5      | Bought a potion of haste for 140 gold pieces
  5147 | D:5      | Bought a potion of curing for 42 gold pieces
  5198 | D:5      | Noticed dragonmech's ghost (amateur DrIE)
  5220 | D:5      | Killed dragonmech's ghost
  5220 | D:5      | Reached XP level 9. HP: 74/87 MP: 8/8
  5232 | D:5      | Reached skill level 10 in Fighting
  5577 | D:5      | Found a shimmering altar of Xom.
  5636 | D:5      | Found a staircase to the Ecumenical Temple.
  5648 | Temple   | Entered the Ecumenical Temple
  6013 | D:6      | Found Ymote's Distillery.
  6017 | D:6      | Bought a potion of curing for 39 gold pieces
  6017 | D:6      | Bought 2 potions of curing for 78 gold pieces
  6102 | D:6      | Found an iron altar of Okawaru.
  6111 | D:6      | Became a worshipper of Warmaster Okawaru
  6966 | D:7      | Reached * piety under Okawaru
  6966 | D:7      | Reached skill level 11 in Fighting
  8076 | D:8      | Reached XP level 10. HP: 98/98 MP: 9/9
  8220 | D:8      | Gained mutation: You have an increased reservoir of magic. (+10% MP) [evolution]
  8354 | D:9      | Reached ** piety under Okawaru
  8394 | D:9      | Reached skill level 12 in Fighting
  8683 | D:9      | Reached *** piety under Okawaru
  8863 | D:9      | Found a staircase to the Orcish Mines.
  8937 | D:9      | Found a glowing golden altar of the Shining One.
  8962 | D:9      | Found a deep blue altar of Sif Muna.
  9007 | D:9      | Identified Sif Muna's Tome of Lightness
  9166 | D:10     | Entered Level 10 of the Dungeon
  9346 | D:10     | Received a gift from Okawaru
  9354 | D:10     | Got a twisted leather armour
  9446 | D:10     | Identified the +7 leather armour "Fig Zuim" {Str+4} (You found it on level 10 of the Dungeon)
  9479 | D:10     | Reached **** piety under Okawaru
  9675 | D:10     | Found a flagged portal.
  9831 | Bailey   | Entered a bailey
  9978 | Bailey   | Noticed an orc knight
  9978 | Bailey   | Noticed an orc knight
 10026 | Bailey   | Demolished by an orc knight

Vault maps used:
D:1:      scummos_arrival_simple_crosswalls
D:2:      minmay_diamond_boxcup, overflow_temple_1_default, trog_book,
          uniq_robin, uniq_crazy_yiuf_cottage
D:3:      minmay_goblin_kobold_castle, nicolae_overflow_hidden_temple,
          gup_sewer_entry_pipe, eino_tiny_chamber
D:4:      serial_shops, kennysheep_little_box, nicolae_shop_stone, shop_coins,
          first_bread, nicolae_ossuary_entry_ruins,
          nicolae_gozag_cash_rules_everything_around_me, uniq_ijyb,
          uniq_menkaure
D:5:      minmay_temple_entry_purple_smoke, serial_shops, shop, basic_altar
D:6:      okawaru_metal_pillars_3, serial_shops, shop
D:8:      blue_anna_alchemist
D:9:      tso_oasis_becter, led_sif_book, orc_0_dummy
D:10:     enter_bailey_8
Temple:   regret_index_temple_waves
Ossuary:  ossuary_minmay_scorpions
Bailey:   bailey_polearm_5, bailey

Skill      XL: |  1  2  3  4  5  6  7  8  9 10 |
---------------+-------------------------------+-----
Fighting       | 4 5 6 8 9 11 12 | 12.9
Shields        | 4 5 6 7 8 9 |  9.9
Armour         | 4 5 6 8 9 |  9.7
Axes           | 3 4 5 6 7 9 |  9.3

Action                   |  1- 3 |  4- 6 |  7- 9 | 10-12 || total
-------------------------+-------+-------+-------+-------++-------
Melee: War axe           |    92 |   212 |   354 |   303 ||   961
       Headbutt          |    17 |    22 |   100 |    67 ||   206
Throw: Tomahawk          |       |       |       |     6 ||     6
Invok: Heroism           |       |       |       |     3 ||     3
 Abil: Evoke Flight      |       |       |       |     1 ||     1
Evoke: Wand              |       |       |       |     1 ||     1
  Use: Potion            |       |     6 |     2 |     4 ||    12
       Scroll            |       |     1 |       |    13 ||    14
 Stab: Sleeping          |       |       |     2 |       ||     2
       Distracted        |       |       |     1 |     1 ||     2
  Eat: Chunk             |     1 |     2 |     7 |     3 ||    13
       Fruit             |       |     1 |     7 |     7 ||    15
       Bread ration      |       |     1 |     1 |       ||     2
Armor: Scale mail        |    46 |   113 |   169 |    82 ||   410
       Leather armour    |       |       |       |    26 ||    26
Dodge: Dodged            |    29 |    68 |   118 |   126 ||   341
Block: Shield            |    59 |   147 |   205 |   216 ||   627

Table legend:
 A = Spawn XP
 B = Non-spawn XP
 C = Spawn XP percentage of total XP
 D = Spawn monster count
 E = Non-spawn monster count
 F = Spawn count percentage of total count
 G = Total turns spent on level
                    A         B        C        D         E        F      G
               +---------+---------+-------+---------+---------+-------+---------
         Total |    1185 |    9610 |  11.0 |      48 |     340 |  12.4 | 10026
               +---------+---------+-------+---------+---------+-------+---------
           D:1 |       9 |      27 |  25.0 |       5 |      16 |  23.8 |   755
           D:2 |      15 |     123 |  10.9 |       5 |      33 |  13.2 |  1118
           D:3 |      24 |     454 |   5.0 |       7 |      89 |   7.3 |  1548
           D:4 |      16 |     682 |   2.3 |       2 |      23 |   8.0 |   880
           D:5 |     275 |     721 |  27.6 |       3 |      23 |  11.5 |   736
           D:6 |     182 |     551 |  24.8 |       2 |      14 |  12.5 |   721
           D:7 |     147 |     937 |  13.6 |       8 |      14 |  36.4 |   889
           D:8 |       2 |     522 |   0.4 |       1 |      10 |   9.1 |   761
           D:9 |     138 |    2735 |   4.8 |       2 |      42 |   4.5 |   816
          D:10 |     377 |    1315 |  22.3 |      13 |      13 |  50.0 |   665
       Ossuary |       0 |    1198 |   0.0 |       0 |      35 |   0.0 |   840
        Bailey |       0 |     345 |   0.0 |       0 |      28 |   0.0 |   195
               +---------+---------+-------+---------+---------+-------+---------
